 Dungeon Crawl Stone Soup version 0.30-a0-122-g2a1322497e (webtiles) character file.

Game seed: 10779155728027461975

16 LnG the Trooper (level 2, -2/27 HPs)
             Began as a Hill Orc Fighter on Sept 16, 2022.
             Slain by a gnoll
             ... wielding a +0 spear of venom
              (3 damage)
             ... on level 1 of the Dungeon.
             The game lasted 00:01:04 (410 turns).

LnG the Trooper (Hill Orc Fighter)                   Turns: 410, Time: 00:01:05

Health: -2/27      AC:  6    Str: 18    XL:     2   Next: 58%
Magic:  2/2        EV:  9    Int:  8    God:
Gold:   0          SH:  4    Dex: 10    Spells: 1/1 levels left

rFire   . . .      SeeInvis .    a - +1 war axe
rCold   . . .      Faith    .    c - +0 buckler
rNeg    . . .      Spirit   .    b - +0 scale mail
rPois   .          Reflect  .    (no helmet)
rElec   .          Harm     .    (no cloak)
rCorr   .          Rampage  .    (no gloves)
Will    .....                    (no boots)
Stlth   ..........               (no amulet)
HPRegen 0.09/turn                (no ring)
MPRegen 0.08/turn                (no ring)

@: lethally poisoned (-2 -> -12)
A: no striking features
a: no special abilities


You were on level 1 of the Dungeon.
You visited 1 branch of the dungeon, and saw 1 of its levels.

Inventory:

Hand Weapons
 a - a +1 war axe (weapon)
Armour
 b - a +0 scale mail (worn)
 c - a +0 buckler (worn)
Potions
 d - 3 potions of might


   Skills:
 + Level 3.9 Fighting
 + Level 3.2 Axes
 + Level 3.5 Armour
 + Level 3.4 Shields


You had one spell level left.
You didn't know any spells.
Your spell library was empty.

Dungeon Overview and Level Annotations

Branches:
Dungeon (1/15)

Altars:


Message History

A kobold comes into view. It is wielding a +0 short sword.
A ball python comes into view.
You closely miss the giant cockroach.
The kobold shouts!
The ball python hisses angrily.
You hear a shout!
The giant cockroach bites you but does no damage.
A hobgoblin comes into view.
The giant cockroach bites you but does no damage.
You closely miss the giant cockroach.
The giant cockroach bites you but does no damage.
You slash the giant cockroach!
You kill the giant cockroach!
You hit the hobgoblin but do no damage. The hobgoblin hits you.
The gnoll misses you.
You barely miss the hobgoblin. You block the gnoll's attack.
The hobgoblin hits you but does no damage. x2
The gnoll hits you from afar with a +0 spear of venom.
You are poisoned.
You barely miss the hobgoblin.
You feel sick. The hobgoblin closely misses you.
The gnoll hits you from afar with a +0 spear of venom.
You are lethally poisoned!
You hit the hobgoblin.
You kill the hobgoblin!
You feel very sick. The gnoll misses you.
The gnoll hits you from afar with a +0 spear of venom.
* * * LOW HITPOINT WARNING * * *
You are more poisoned.
As you read the scroll labelled JUCAGO UFOINUA, it crumbles to dust.
It is a scroll of enchant weapon.
Your +0 war axe glows red for a moment.
* * * LOW HITPOINT WARNING * * *
You feel very sick. The gnoll barely misses you.
The air fills with toxic fumes!
As you read the scroll labelled ZUPNOU URIRO, it crumbles to dust.
It was a scroll of poison.
* * * LOW HITPOINT WARNING * * *
You feel very sick.
The gnoll hits you from afar with a +0 spear of venom.
You die...

#.#..........#...
#..§§§####..##...
#..§§§§§.........
####§§§§####.##....
....§§§§§§.>.......
#####§§§§#######....
#.§§§§§§§§§......#+#
.#§§§§§§§§.......
#@#....#########
#§#....# #g######


grS §§§ §§§§§ §§§§§ §§§§§§§ You could see a gnoll, a hobgoblin, a ball python
and a rat.

Vanquished Creatures
  A dart slug (D:1)
  An endoplasm (D:1)
  A giant cockroach (D:1)
  3 hobgoblins (D:1)
  2 kobolds (D:1)
  A quokka (D:1)
  A ball python (D:1)
  A bat (D:1)
  2 rats (D:1)
13 creatures vanquished.

Notes
Turn   | Place    | Note
-------+----------+-------------------------------------------
     0 | D:1      | LnG the Hill Orc Fighter began the quest for the Orb.
     0 | D:1      | Reached XP level 1. HP: 19/19 MP: 1/1
   223 | D:1      | Reached XP level 2. HP: 27/27 MP: 2/2
   410 | D:1      | HP: 1/27 [poisoned by a gnoll]
   410 | D:1      | Slain by a gnoll

Illustrated notes

Levels and vault maps discovered:
D:1:      sevenhm_arrival_forest_fort_small_3, layout_basic,
          chequers_serial_rivers_micro_b

Skill      XL: |  1  2 |
---------------+-------+-----
Axes           | 3 |  3.2
Fighting       | |  3.9
Armour         | |  3.5
Shields        | |  3.4

Action                   || total
-------------------------++-------
Melee: War axe           ||    35
  Use: Scroll            ||     2
Armor: Scale mail        ||    18
Dodge: Dodged            ||    15
Block: Buckler           ||     7

Table legend: (Time is in decaauts)
 A = Elapsed time spent in this place.
 B = Non-inter-level travel time spent in this place.
 C = Inter-level travel time spent in this place.
 D = Time resting spent in this place.
 E = Time spent auto-exploring this place.
 F = Levels seen in this place.
 G = Mean time per level.
                   A        B        C        D        E       F      G
               +--------+--------+--------+--------+--------+-----+--------+
         Total |    424 |    424 |      0 |    122 |    170 |   1 |  424.0 |
       Dungeon |    424 |    424 |      0 |    122 |    170 |   1 |  424.0 |
               +--------+--------+--------+--------+--------+-----+--------+

Top non-repeatable levels by time:
     D:1: 424 daAuts
